 Dungeon Crawl Stone Soup version 0.31-a0-234-gad7ace16ef (webtiles) character file.

Game seed: 4778414580142431027

256 qw the Shooter (level 6, 0/38 HPs)
             Began as a Gargoyle Hexslinger on July 9, 2023.
             Slain by a kobold brigand
             ... wielding a +0 dagger
              (2 damage)
             ... in a sewer.
             The game lasted 00:01:16 (2823 turns).

qw the Shooter (Gargoyle Hexslinger)                Turns: 2823, Time: 00:01:16

Health: 0/38       AC:  9    Str: 17    XL:     6   Next: 15%
Magic:  7/7        EV: 11    Int: 14    God:
Gold:   200        SH:  0    Dex: 14    Spells: 6/7 levels left

rFire   . . .        Y - +1 sling
rCold   . . .        (no shield)
rNeg    + . .        h - +0 ring mail
rPois   inf          (no helmet)
rElec   +            (no cloak)
rCorr   .            (no gloves)
SInv    .            (no boots)
Will    .....        (no amulet)
Stlth   +            g - +6 ring of strength
HPRegen 0.26/turn    (no ring)
MPRegen 0.10/turn

%: no passive effects
@: no status effects
A: sickness immunity, AC +4, negative energy resistance 1, electricity
resistance, torment resistance 1, petrification resistance
a: no special abilities


You were in a sewer.
You visited 1 branch of the dungeon, and saw 4 of its levels.
You also visited: Sewer.

You collected 200 gold pieces.


Innate Abilities, Weirdness & Mutations

You are immune to sickness and miasma.
Your stone body is resilient. (AC +4)
You are immune to poison.
You resist negative energy. (rN+)
You are resistant to electric shocks. (rElec)
You are resistant to unholy torment.
You are immune to petrification.


   Skills:
 - Level 3.9 Fighting
 + Level 5.0 Ranged Weapons
 - Level 1.0 Armour
 - Level 1.5 Dodging
 - Level 1.0 Spellcasting
 - Level 2.6 Hexes


You had 6 spell levels left.
You knew the following spells:

 Your Spells              Type           Power      Damage    Failure   Level
a - Slow                  Hex            32%        N/A       16%         1

Your spell library contained the following spells:

 Spells                   Type           Power      Damage    Failure   Level
 Inner Flame              Hex/Fire       4%         N/A       63%         3
 Portal Projectile        Hex/Tloc       8%         N/A       63%         3
 Cause Fear               Hex            4%         N/A       85%         4

Inventory:

Hand Weapons
 Y - a +1 sling (weapon)
Armour
 h - a +0 ring mail (worn)
Jewellery
 g - a +6 ring of strength (left hand)
Scrolls
 f - a scroll of identify
Potions
 a - a potion of degeneration {unknown}
 b - a potion of resistance
 c - a potion of haste {unknown}
 d - 3 potions of curing
 k - a potion of might {unknown}

Dungeon Overview and Level Annotations

Branches:
Dungeon (4/15)              Sewer (1/1)
 Temple: D:4-7

Altars:


Message History

The kobold brigand closely misses you.
You shoot a sling bullet.
The sling bullet hits the kobold brigand!
The kobold brigand is heavily wounded.
The kobold brigand hits you but does no damage.
The kobold brigand splashes around in the water.
You shoot a sling bullet.
The sling bullet hits the kobold brigand.
The kobold brigand is heavily wounded.
The kobold brigand splashes around in the water. x4
You shoot a sling bullet.
The sling bullet hits the kobold brigand.
The kobold brigand is severely wounded.
The kobold brigand hits you with a +0 dagger.
The kobold brigand hits you with a +0 short sword!
You shoot a sling bullet.
The sling bullet hits the kobold brigand.
The kobold brigand is severely wounded.
The kobold brigand hits you but does no damage.
The kobold brigand hits you with a +0 short sword.
You shoot a sling bullet.
The sling bullet closely misses the kobold brigand.
The kobold brigand splashes around in the water.
The kobold brigand barely misses you. The kobold brigand closely misses you.
The kobold brigand splashes around in the water.
You shoot a sling bullet.
The sling bullet hits the kobold brigand.
You kill the kobold brigand!
You hear a splash. x2
The kobold brigand splashes around in the water.
Your Fighting skill increases to level 3!
You have reached level 6!
You shoot a sling bullet.
The sling bullet barely misses the kobold brigand.
The kobold brigand closely misses you.
You shoot a sling bullet.
The sling bullet hits the kobold brigand.
The kobold brigand is lightly wounded.
The kobold brigand hits you with a +0 dagger.
You die...

#~# #~# #~# #~# #~# #~#
#~# #########~##
#.~)..)@.~~#######
#~.~~~K).~.......#######
#.~~~~~~~~~~~~~~~~~~~~~#
.~~~~~~~~~~~~~~~~~~~~~~~
#~~~~~~~~~~~~~~~~~~~~~##
#.~~~~~~...~.....######
#...~~.....###.###
############ #\# ###


You could see a kobold brigand.

Vanquished Creatures
  A kobold brigand (Sewer)
  An orc wizard (D:2)
  Natasha (D:2)
  5 adders
  A river rat (Sewer)
  A worm (D:3)
  5 orcs
  6 endoplasms
  6 giant cockroaches
  A goblin (D:2)
  6 hobgoblins
  5 jackals
  8 kobolds
  5 quokkas
  8 ball pythons
  3 bats
  4 frilled lizards
  9 rats
76 creatures vanquished.

Notes
Turn   | Place    | Note
-------+----------+-------------------------------------------
     0 | D:1      | qw the Gargoyle Hexslinger began the quest for the Orb.
     0 | D:1      | Reached XP level 1. HP: 12/12 MP: 2/2
     0 | D:1      | 0 ||| qw: Version: 0.3-a-51-g015441d
     0 | D:1      | 0 ||| qw: Game counter: 4206
     0 | D:1      | 0 ||| qw: Melee chars always use a shield: true
     0 | D:1      | 0 ||| qw: God list: Okawaru
     0 | D:1      | 0 ||| qw: Allow faded altars: false
     0 | D:1      | 0 ||| qw: Do Orc after clearing Dungeon:15 true
     0 | D:1      | 0 ||| qw: Do second Lair branch before Depths: true
     0 | D:1      | 0 ||| qw: Lair rune preference: random
     0 | D:1      | 0 ||| qw: Goals: Normal
     0 | D:1      | 0 ||| PLANNING D:1-11
   111 | D:1      | Reached XP level 2. HP: 16/16 MP: 3/3
   398 | D:1      | Reached skill level 3 in Ranged Weapons
   623 | D:1      | 623 ||| UPGRADING to +0 leather armour.
   633 | D:1      | 633 ||| DROPPING +0 robe.
   634 | D:1      | 634 ||| READING scroll labelled OCOMIPT QODDIENU.
   635 | D:1      | 635 ||| READING 2 scrolls labelled GALUBE TEILEDEPS.
   638 | D:1      | 638 ||| DROPPING scroll of poison.
   803 | D:2      | Reached XP level 3. HP: 16/21 MP: 4/4
   810 | D:2      | 810 ||| FLEEEEING.
  1433 | D:2      | Noticed Natasha
  1440 | D:2      | Killed Natasha
  1441 | D:2      | Reached skill level 4 in Ranged Weapons
  1441 | D:2      | Reached XP level 4. HP: 18/26 MP: 5/5
  1652 | D:2      | 1652 ||| UPGRADING to +6 ring of strength.
  1653 | D:2      | 1653 ||| READING scroll labelled QULYQIUHIL.
  1654 | D:2      | 1654 ||| READING scroll labelled WOBBEAGYMI.
  1655 | D:2      | 1655 ||| DRINKING 3 golden potions.
  1676 | D:3      | 1676 ||| STAIRDANCE
  1836 | D:3      | 1836 ||| FLEEEEING.
  1837 | D:3      | 1837 ||| FLEEEEING.
  1838 | D:3      | 1838 ||| FLEEEEING.
  1839 | D:3      | 1839 ||| FLEEEEING.
  1840 | D:3      | 1840 ||| FLEEEEING.
  1841 | D:3      | 1841 ||| FLEEEEING.
  1842 | D:3      | 1842 ||| FLEEEEING.
  1843 | D:3      | 1843 ||| FLEEEEING.
  1844 | D:3      | 1844 ||| FLEEEEING.
  1845 | D:3      | 1845 ||| FLEEEEING.
  1846 | D:3      | 1846 ||| FLEEEEING.
  1847 | D:3      | 1847 ||| FLEEEEING.
  1848 | D:3      | 1848 ||| FLEEEEING.
  1849 | D:3      | 1849 ||| FLEEEEING.
  1856 | D:3      | 1856 ||| FLEEEEING.
  1857 | D:3      | 1857 ||| FLEEEEING.
  1858 | D:3      | 1858 ||| FLEEEEING.
  1859 | D:3      | 1859 ||| FLEEEEING.
  1863 | D:3      | 1863 ||| FLEEEEING.
  1864 | D:3      | 1864 ||| FLEEEEING.
  1865 | D:3      | 1865 ||| FLEEEEING.
  1867 | D:3      | 1867 ||| FLEEEEING.
  1868 | D:3      | 1868 ||| FLEEEEING.
  1869 | D:3      | 1869 ||| FLEEEEING.
  1872 | D:3      | 1872 ||| FLEEEEING.
  1873 | D:3      | 1873 ||| FLEEEEING.
  1877 | D:3      | 1877 ||| FLEEEEING.
  1878 | D:3      | 1878 ||| FLEEEEING.
  1879 | D:3      | 1879 ||| FLEEEEING.
  1880 | D:3      | 1880 ||| FLEEEEING.
  1883 | D:3      | 1883 ||| FLEEEEING.
  1884 | D:3      | 1884 ||| FLEEEEING.
  1885 | D:3      | 1885 ||| FLEEEEING.
  1886 | D:3      | 1886 ||| FLEEEEING.
  1887 | D:3      | 1887 ||| FLEEEEING.
  1888 | D:3      | 1888 ||| FLEEEEING.
  1889 | D:3      | 1889 ||| FLEEEEING.
  1892 | D:3      | 1892 ||| STAIRDANCE
  1924 | D:2      | 1924 ||| DRINKING 2 pink potions.
  1935 | D:3      | 1935 ||| STAIRDANCE
  1940 | D:2      | Reached skill level 5 in Ranged Weapons
  1940 | D:2      | Reached XP level 5. HP: 11/30 MP: 6/6
  1941 | D:2      | HP: 7/30 [endoplasm (3)]
  1942 | D:2      | 1942 ||| READING scroll of teleportation.
  2606 | D:3      | 2606 ||| UPGRADING to +0 ring mail.
  2616 | D:3      | 2616 ||| DROPPING +0 leather armour.
  2617 | D:3      | 2617 ||| READING scroll labelled VONEEL SOSMAS.
  2618 | D:3      | 2618 ||| READING 3 scrolls labelled GOKHACH RYOD.
  2640 | D:3      | 2640 ||| DROPPING 2 scrolls of torment.
  2653 | D:4      | 2653 ||| PLANNING SEWER
  2655 | D:4      | Found a glowing drain.
  2722 | D:4      | Reached skill level 1 in Armour
  2736 | Sewer    | Entered a sewer
  2797 | Sewer    | Noticed a kobold brigand
  2799 | Sewer    | Noticed a kobold brigand
  2818 | Sewer    | HP: 4/31 [kobold brigand/+0 short sword (8)]
  2819 | Sewer    | HP: 1/31 [kobold brigand/+0 short sword (4)]
  2821 | Sewer    | Killed a kobold brigand
  2822 | Sewer    | Reached skill level 3 in Fighting
  2822 | Sewer    | Reached XP level 6. HP: 2/38 MP: 7/7
  2823 | Sewer    | Slain by a kobold brigand

Levels and vault maps discovered:
D:1:      wander_arrival_chamber, layout_loops_ring
D:2:      cheibrodos_old_hovel, layout_loops_corners, uniq_natasha
D:3:      layout_loops_ring
D:4:      layout_cave_pools, lemuel_crystal_altar, gup_sewer_entry_glass
Sewer:    sewer_kobolds

Skill      XL: |  1  2  3  4  5 |
---------------+----------------+-----
Ranged Weapons | 3 4 5 |  5.0
Fighting       | 2 3 |  3.9
Armour         | 1 |  1.0
Dodging        | |  1.5
Spellcasting   | |  1.0
Hexes          | |  2.6

Action                     |  1- 3 |  4- 6 || total
---------------------------+-------+-------++-------
   Fire: Sling             |   114 |   148 ||   262
    Use: Scroll            |     2 |     5 ||     7
         Potion            |       |     2 ||     2
 Armour: Leather armour    |    15 |    21 ||    36
         Robe              |     4 |       ||     4
         Ring mail         |       |    23 ||    23
  Dodge: Dodged            |    22 |    75 ||    97

Table legend:
 A = Non-vault XP
 B = Vault XP
 C = Vault XP percentage of total XP
 D = Non-vault monster count
 E = Vault monster count
 F = Vault count percentage of total count
                 A         B        C        D         E       F
            +---------+---------+-------+---------+---------+-------
      Total |     186 |     180 |  49.2 |      60 |      16 |  21.1
            +---------+---------+-------+---------+---------+-------
        D:1 |      25 |       0 |   0.0 |      16 |       0 |   0.0
        D:2 |      95 |      35 |  26.9 |      21 |       2 |   8.7
        D:3 |      63 |       0 |   0.0 |      21 |       0 |   0.0
        D:4 |       3 |      20 |  87.0 |       2 |       4 |  66.7
      Sewer |       0 |     125 | 100.0 |       0 |      10 | 100.0
            +---------+---------+-------+---------+---------+-------
